 Dungeon Crawl Stone Soup version 0.27-a0-869-g165b36e3f0 (webtiles) character file.

Game seed: 5025161940037111421

252766 robertstho the Warrior (level 19, 0/187 HPs)
             Began as a Minotaur Berserker on Apr 2, 2021.
             Was a High Priest of Trog.
             Slain by a wolf spider (11 damage)
             ... on level 1 of the Spider Nest.
             The game lasted 00:54:08 (34062 turns).

robertstho the Warrior (Minotaur Berserker)        Turns: 34062, Time: 00:54:09

Health: 0/187      AC: 12    Str: 22    XL:     19   Next: 36%
Magic:  0/27       EV:  4    Int:  5    God:    Trog [*****.]
Gold:   1848       SH:  0    Dex: 12    Spells: 18/18 levels left

rFire    . . .     SeeInvis .   R - +5 broad axe (flame)
rCold    + + .     Faith    .   K - +0 tower shield
rNeg     + . .     Spirit   +   O - +4 plate armour of Immorality {rElec rC++ rCorr Str-5}
rPois    +         Reflect  .   (helmet restricted)
rElec    +         Harm     .   a - +0 cloak
rCorr    +         Rampage  .   Y - +0 pair of gloves
Will     +++..                  v - +0 pair of boots
Stlth    ..........             w - amulet of Luywnir {Spirit rN+ MP+9}
HPRegen  1.00/turn              z - +4 ring of slaying
MPRegen  0.20/turn              y - ring of poison resistance

@: corroded, berserk cooldown, held, regenerating, slowed, very slow
A: horns 2, retaliatory headbutt, inhibited regeneration
}: 1/15 runes: decaying
a: Renounce Religion, Berserk, Trog's Hand, Brothers in Arms


You were on level 1 of the Spider Nest.
You worshipped Trog.
Trog was extremely pleased with you.
You visited 5 branches of the dungeon, and saw 28 of its levels.
You also visited: Sewer, Gauntlet and Volcano.

You collected 3224 gold pieces.
You spent 1376 gold pieces at shops.

Inventory:

Hand Weapons
 s - a +1 executioner's axe
 R - a +5 broad axe of flaming (weapon)
Missiles
 N - 6 boomerangs of dispersal
Armour
 a - a +0 cloak (worn)
 v - a +0 pair of boots (worn)
 D - a +3 plate armour of fire resistance
 K - a +0 tower shield (worn)
 O - the +4 plate armour of Immorality (worn) {rElec rC++ rCorr Str-5}
   (You bought it in a shop on level 2 of the Orcish Mines)

   It affects your strength (-5).
   It greatly protects you from cold.
   It insulates you from electricity.
   It protects you from acid and corrosion.
 Y - a +0 pair of gloves (worn)
Jewellery
 m - a ring of protection from cold
 t - a ring of flight
 w - the amulet of Luywnir (around neck) {Spirit rN+ MP+9}
   (You acquired it on level 3 of the Lair of Beasts)

   [amulet of guardian spirit]

   It causes incoming damage to be divided between your reserves of health and
   magic.
   It protects you from negative energy.
   It affects your magic capacity (+9).
 y - a ring of poison resistance (right hand)
 z - a +4 ring of slaying (left hand)
 I - a ring of resist corrosion
 T - the ring "Jeyhir" {rF+ EV+4}
   (You found it in a Gauntlet)

   [ring of evasion]

   It affects your evasion (+4).
   It protects you from fire.
 W - the ring "Waukopp" {+Blink rF- Will+ Str+6}
   (You found it in a Gauntlet)

   [ring of strength]

   It affects your strength (+6).
   It makes you vulnerable to fire.
   It lets you blink.
   It increases your willpower.
 X - the ring of a Million Seers {Ice rElec}
   (You found it in a Gauntlet)

   [ring of ice]

   It enhances your ice magic.
   It makes you vulnerable to fire.
   It protects you from cold.
   It insulates you from electricity.
Wands
 c - a wand of mindburst (34)
 i - a wand of digging (6)
 F - a wand of acid (33)
 U - a wand of iceblast (8)
Scrolls
 e - 3 scrolls of magic mapping
 f - 3 scrolls of fear
 g - 8 scrolls of enchant weapon
 l - 8 scrolls of teleportation
 p - 4 scrolls of summoning {unknown}
 q - 2 scrolls of holy word
 B - 2 scrolls of fog
 G - 5 scrolls of blinking
 L - a scroll of silence
 M - 6 scrolls of enchant armour
 V - a scroll of immolation
Potions
 b - 3 potions of attraction
 j - 2 potions of invisibility
 k - 4 potions of cancellation
 n - 2 potions of might
 o - 2 potions of magic
 x - 23 potions of curing
 A - 8 potions of ambrosia
 C - 5 potions of heal wounds
 E - 4 potions of mutation
 H - a potion of resistance
 J - 4 potions of haste
Miscellaneous
 d - a box of beasts
 h - a condenser vane
 Q - a lightning rod (4/4)
 S - a tin of tremorstones (2/2)


   Skills:
 * Level 20.5 Fighting
 + Level 19.5 Axes
 * Level 19.0 Armour
 + Level 5.5 Dodging
 + Level 15.1 Shields
 + Level 2.8 Evocations


You had 18 spell levels left.
You didn't know any spells.
Your spell library was empty.

Dungeon Overview and Level Annotations

Branches:
Dungeon (15/15)            Temple (0/1) D:4            Lair (6/6) D:9
  Swamp (4/4) Lair:4       Spider (1/4) Lair:4        Slime (0/5) Lair:5
    Orc (2/2) D:12            Elf (0/3) Orc:2        Vaults (0/5) D:14
 Depths (0/5) D:15          Sewer (visited)         Volcano (visited)
Gauntlet (visited)

Altars:
Cheibriados
Dithmenos
Fedhas
Hepliaklqana
Okawaru
Trog
Uskayaw
Xom
Yredelemnul
Beogh

Shops:
Orc:2 **((

Annotations:
Spider:1 1 transporter


Innate Abilities, Weirdness & Mutations

You have a pair of horns on your head.
You reflexively headbutt those who attack you in melee.
You do not regenerate when monsters are visible.


Message History

You feel sick.
You are no longer poisoned.
You block the wolf spider's attack.
The wolf spider bites you but does no damage.
The orb spider bites your deep troll but does no damage.
The jumping spider pounces on you!
* * * LOW HITPOINT WARNING * * *
You are caught in a web!
The jumping spider bites you but does no damage.
The wolf spider hits you!
* * * LOW HITPOINT WARNING * * *
The wolf spider bites you.
* * * LOW HITPOINT WARNING * * *
Your deep troll completely misses the orb spider.
Your deep troll claws the orb spider!
Your deep troll claws the orb spider!!
The orb spider dies!
Trog accepts your kill.
You feel much better.
The jumping spider pounces on you but does no damage.
The jumping spider bites you.
* * * LOW HITPOINT WARNING * * *
The wolf spider hits you!
* * * LOW HITPOINT WARNING * * *
The wolf spider bites you.
* * * LOW HITPOINT WARNING * * *
The jumping spider pounces on you!
* * * LOW HITPOINT WARNING * * *
The jumping spider bites you but does no damage.
The wolf spider hits you.
* * * LOW HITPOINT WARNING * * *
The wolf spider bites you but does no damage.
Your deep troll misses the jumping spider.
Your deep troll claws the jumping spider!!
The jumping spider dies!
Trog accepts your kill.
The jumping spider pounces on you but does no damage.
The jumping spider bites you.
* * * LOW HITPOINT WARNING * * *
The wolf spider hits you!
You die...

### # ###.# #..#
#..@# ....#
#####.ss# ...^##
.....>..###s..!..
###.T....°°......
##......s.....
#..†........#
#...†...#...#
##.....#...# ..#
#.#..####<..# ##


You could see a wolf spider, a jumping spider and a friendly deep troll
(summoned, berserk).

Vanquished Creatures
  Jorgrun (D:14)
  Kirke (D:14)
  2 thorn hunters (Swamp:4)
  Agnes (D:15)
  Gastronok (D:11)
  Frances (Swamp:2)
  2 fenstrider witches
  Louise (Swamp:2)
  2 vampire knights (Swamp:4)
  A bunyip (Swamp:4)
  3 eleionomae
  A minotaur (Gauntlet)
  An entropy weaver (Spider:1)
  Snorg (Orc:1)
  Josephine (D:15)
  A fire dragon (Volcano)
  5 shambling mangroves
  4 vault guards (D:14)
  19 hydras
  2 ghost crabs
  4 boulder beetles
  2 ogre magi (D:15)
  2 death knights (D:14)
  3 catoblepae (Lair:6)
  9 two-headed ogres
  4 centaur warriors
  21 death yaks
  7 alligators
  A tengu warrior (D:15)
  6 orc high priests (Orc:2)
  A vampire mage (D:15)
  A skeletal warrior (D:15)
  7 goliath frogs
  4 spriggan druids
  11 swamp dragons
  A spectral hydra (Swamp:4)
  A lindwurm (shapeshifter) (Gauntlet)
  A lindwurm (Volcano)
  8 bog bodies
  2 large abominations (Gauntlet)
  7 orc knights
  A deep elf pyromancer (D:15)
  2 orc sorcerers (Orc:1)
  A frost giant zombie (D:15)
  A necromancer (D:15)
  5 oklob plants
  7 ugly things
  4 manticores
  A fire giant zombie (D:15)
  5 cyclopes
  17 elephants
  2 moths of wrath
  6 will-o-the-wisps
  2 wolf spiders (Spider:1)
  A molten gargoyle (Volcano)
  6 torpor snails
  3 black mambas
  A gargoyle (D:14)
  10 cane toads
  2 rime drakes
  3 kobold demonologists
  9 komodo dragons
  2 freezing wraiths (D:14)
  2 hydra zombies (Swamp:4)
  A tengu conjurer (D:15)
  A guardian mummy (D:15)
  A queen bee (Lair:3)
  2 jumping spiders (Spider:1)
  5 trolls
  2 polar bears (Lair:6)
  3 death drake zombies (Swamp:4)
  3 meliai (D:15)
  Prince Ribbit (D:8)
  A tyrant leech (shapeshifter) (D:15)
  11 tyrant leeches
  13 hornets
  4 slime creatures (D:12)
  A death drake skeleton (Swamp:4)
  27 blink frogs
  2 dream sheep (Lair:4)
  An ettin zombie (D:15)
  9 spriggans
  A deep troll skeleton (D:15)
  Sigmund (D:4)
  4 redbacks (Spider:1)
  5 small abominations (Gauntlet)
  4 shadows
  A tarantella (Lair:4)
  7 wraiths
  A centaur simulacrum (D:14)
  51 yaks
  4 wyverns
  9 fire bats (Volcano)
  7 basilisks
  4 hogs (D:14)
  A vampire mosquito (D:7)
  5 steam dragons
  Menkaure (D:7)
  3 wargs (Orc:1)
  3 hell hounds
  An acid dragon (D:13)
  14 swamp worms
  10 water moccasins
  42 orc warriors
  5 hydra simulacra (Swamp:4)
  7 swamp drakes
  A sky beast (D:8)
  11 ice beasts
  4 swamp dragon zombies (Swamp:4)
  5 black bears
  4 necrophages
  22 ogres
  7 centaurs
  11 wolves
  A phantom (D:12)
  5 kobold brigands
  3 swamp dragon skeletons (Swamp:4)
  12 bullfrogs
  12 scorpions
  A water moccasin skeleton (D:7)
  A troll zombie (D:12)
  20 killer bees
  4 howler monkeys (D:10)
  An electric eel (Lair:4)
  6 lava snakes (Volcano)
  6 centaur zombies
  4 hounds
  2 bullfrog skeletons
  30 orc priests
  A jelly (D:2)
  4 gnoll shamans
  5 iguanas
  28 orc wizards
  A killer bee zombie (D:8)
  5 ogre zombies (D:12)
  A howler monkey zombie (D:7)
  6 adders
  15 gnolls
  2 howler monkey skeletons
  A white imp (D:6)
  An adder skeleton (D:4)
  2 worms
  5 dart slugs
  108 orcs
  3 endoplasms
  9 giant cockroaches
  11 goblins
  5 hobgoblins
  4 jackals
  19 kobolds
  3 quokkas
  13 ball pythons
  3 bats
  A frilled lizard (D:3)
  A goblin skeleton (D:12)
  3 goblin zombies (D:12)
  4 hobgoblin zombies (D:12)
  4 orc skeletons (D:12)
  7 orc zombies (D:12)
  5 rats
  A butterfly (D:7)
980 creatures vanquished.

Vanquished Creatures (collateral kills)
  Roxanne (D:14)
  Nessos (D:15)
  A hydra (D:13)
  2 boulder beetles (D:11)
  A death knight (D:14)
  A two-headed ogre (D:15)
  A skeletal warrior (D:14)
  3 orc knights
  An orb spider (Spider:1)
  A komodo dragon (D:13)
  A jumping spider (Spider:1)
  A tarantella (shapeshifter) (D:14)
  An acid dragon (D:11)
  5 orc warriors
  An orc priest (Orc:2)
  An orc wizard (D:15)
  2 orcs (D:15)
25 creatures vanquished.

Vanquished Creatures (others)
  An eleionoma (Swamp:1)
  A spriggan (Swamp:2)
  3 bloated husks (Swamp:1)
  2 hornets (Swamp:2)
  2 humans (D:14)
  2 bushes (Lair:6)
  A demonic plant (Gauntlet)
  16 foxfires
  13 fungi
  69 plants
  5 withered plants (D:15)
115 creatures vanquished.

Grand Total: 1120 creatures vanquished

Notes
Turn   | Place    | Note
-------+----------+-------------------------------------------
     0 | D:1      | robertstho the Minotaur Berserker began the quest for the
                  | Orb.
     0 | D:1      | Reached XP level 1. HP: 19/19 MP: 0/0
    89 | D:1      | Reached skill level 4 in Fighting
    89 | D:1      | Reached XP level 2. HP: 24/27 MP: 1/1
  1033 | D:2      | Reached XP level 3. HP: 34/34 MP: 2/2
  1293 | D:2      | Reached ** piety under Trog
  1421 | D:2      | Found a faded altar of an unknown god.
  1623 | D:2      | Reached XP level 4. HP: 33/41 MP: 3/3
  2513 | D:3      | Reached XP level 5. HP: 47/47 MP: 4/4
  2716 | D:4      | Noticed an ogre
  2722 | D:4      | Killed an ogre
  2723 | D:4      | Reached skill level 5 in Fighting
  2723 | D:4      | Reached skill level 5 in Axes
  2828 | D:4      | Found a staircase to the Ecumenical Temple.
  2849 | D:4      | Reached skill level 5 in Armour
  2894 | D:4      | Reached XP level 6. HP: 52/56 MP: 5/5
  3038 | D:4      | Noticed Sigmund
  3047 | D:4      | Killed Sigmund
  3243 | D:4      | Reached XP level 7. HP: 62/62 MP: 6/6
  3550 | D:4      | Reached *** piety under Trog
  4148 | D:5      | Entered Level 5 of the Dungeon
  4361 | D:5      | Reached skill level 6 in Fighting
  4795 | D:5      | Reached XP level 8. HP: 65/71 MP: 7/7
  5057 | D:6      | Reached skill level 1 in Shields
  5286 | D:6      | Found a glowing drain.
  5316 | Sewer    | Entered a sewer
  5517 | Sewer    | Found a glowing silver altar of Zin.
  5615 | D:6      | Reached **** piety under Trog
  5730 | D:6      | Found a hide-covered altar of Uskayaw.
  5736 | D:6      | Reached skill level 7 in Fighting
  6046 | D:6      | Reached XP level 9. HP: 79/79 MP: 8/8
  6835 | D:7      | Noticed Menkaure
  6847 | D:7      | Reached skill level 8 in Fighting
  6850 | D:7      | Killed Menkaure
  6938 | D:7      | Reached skill level 10 in Armour
  6949 | D:7      | Reached ***** piety under Trog
  6984 | D:7      | Reached skill level 5 in Shields
  7302 | D:7      | Found a runed translucent door.
  7304 | D:7      | Found a runed translucent door.
  7459 | D:7      | Reached skill level 10 in Axes
  7476 | D:7      | Reached XP level 10. HP: 90/90 MP: 9/9
  7853 | D:8      | Noticed Prince Ribbit
  7868 | D:8      | Killed Prince Ribbit
  8394 | D:8      | Reached skill level 9 in Fighting
  8969 | D:9      | Noticed a death yak
  8970 | D:9      | Found a staircase to the Lair.
  8970 | D:9      | Noticed an elephant
  8993 | D:9      | Killed an elephant
  8994 | D:9      | Killed a death yak
  9485 | D:9      | Found a shadowy altar of Dithmenos.
  9495 | D:9      | Found a shimmering altar of Xom.
  9821 | D:10     | Entered Level 10 of the Dungeon
  9826 | D:10     | Identified the amulet of Edut Heneps {Faith +Inv rElec
                  | Str+4}
  9880 | D:10     | Reached skill level 10 in Fighting
 10397 | D:10     | Reached XP level 11. HP: 96/99 MP: 10/10
 10751 | D:10     | Noticed a two-headed ogre
 10761 | D:10     | Killed a two-headed ogre
 11470 | D:11     | Noticed a boulder beetle
 11500 | D:11     | Killed a boulder beetle
 11502 | D:11     | Noticed Gastronok
 11513 | D:11     | Killed Gastronok
 11721 | D:11     | Noticed a two-headed ogre
 11731 | D:11     | Killed a two-headed ogre
 11902 | D:11     | Identified the +1 robe "Joupots" {Regen+}
 12033 | D:11     | Noticed a boulder beetle
 12040 | D:11     | Killed a boulder beetle
 12041 | D:11     | Reached skill level 11 in Fighting
 12346 | D:12     | Received a gift from Trog
 12798 | D:12     | Found a staircase to the Orcish Mines.
 13339 | D:12     | Noticed a two-headed ogre
 13345 | D:12     | Killed a two-headed ogre
 13348 | D:12     | Noticed a red ugly thing
 13497 | D:12     | Noticed an eight-headed hydra
 13519 | D:12     | Killed a red ugly thing
 13520 | D:12     | Reached XP level 12. HP: 110/110 MP: 11/11
 13795 | D:12     | Killed a ten-headed hydra
 13896 | D:12     | Noticed a boulder beetle
 13919 | D:12     | Killed a boulder beetle
 14089 | D:13     | Noticed a five-headed hydra
 14095 | D:13     | Killed a four-headed hydra
 14124 | D:13     | Found a gate leading to a gauntlet.
 14127 | D:13     | Noticed a two-headed ogre
 14133 | D:13     | Killed a two-headed ogre
 14141 | Gauntlet | Entered a Gauntlet
 14141 | Gauntlet | Found a transporter.
 14141 | Gauntlet | Found a transporter.
 14238 | Gauntlet | Found a runed translucent door.
 14250 | Gauntlet | Found a transporter.
 14253 | Gauntlet | Found a transporter.
 14265 | Gauntlet | Found a transporter.
 14269 | Gauntlet | Found a transporter.
 14273 | Gauntlet | Found a transporter.
 14286 | Gauntlet | Noticed a death scarab
 14287 | Gauntlet | Found a runed translucent door.
 14289 | Gauntlet | Found a transporter.
 14291 | Gauntlet | Found a runed translucent door.
 14294 | Gauntlet | Noticed a death scarab
 14303 | Gauntlet | Found a transporter.
 14307 | Gauntlet | Found a transporter.
 14310 | Gauntlet | Noticed a catoblepas
 14315 | Gauntlet | Found a transporter.
 14319 | Gauntlet | Found a transporter.
 14386 | Gauntlet | Reached skill level 12 in Fighting
 14407 | Gauntlet | Identified the ring "Jeyhir" {rF+ EV+4}
 14478 | Gauntlet | Identified the ring "Waukopp" {+Blink rF- Will+ Str+6}
 14547 | Gauntlet | Identified the ring of a Million Seers {Ice rElec}
 14599 | Gauntlet | Identified the +9 flail of Indomitability {drain, +Inv rC-
                  | SInv Stlth+}
 14599 | Gauntlet | Noticed a minotaur
 14609 | Gauntlet | Killed a minotaur
 14615 | Gauntlet | Identified the +8 chain mail "Epuvi" {rF- Will++ Int+5}
 14992 | D:13     | Noticed a centaur warrior
 14993 | D:13     | Noticed a centaur warrior
 14997 | D:13     | Killed a centaur warrior
 15003 | D:13     | Killed a centaur warrior
 15398 | D:14     | Noticed Kirke
 15411 | D:14     | Killed Kirke
 15412 | D:14     | Reached XP level 13. HP: 119/119 MP: 12/12
 15499 | D:14     | Found a gate to the Vaults.
 15512 | D:14     | Reached skill level 13 in Fighting
 15514 | D:14     | Received a gift from Trog
 15534 | D:14     | Reached skill level 10 in Shields
 15545 | D:14     | Reached skill level 15 in Axes
 15821 | D:14     | Reached skill level 15 in Armour
 16309 | D:14     | Noticed Jorgrun
 16318 | D:14     | Killed Jorgrun
 16319 | D:14     | Reached skill level 14 in Fighting
 16379 | D:14     | Identified Roxanne's Tome of the Mountains
 16379 | D:14     | Noticed Roxanne
 16507 | Lair:1   | Entered Level 1 of the Lair of Beasts
 16635 | Lair:1   | Found a snail-covered altar of Cheibriados.
 17900 | Lair:2   | Reached XP level 14. HP: 115/133 MP: 13/13
 18776 | Lair:3   | Identified a scroll of acquirement
 18777 | Lair:3   | Acquired the amulet of Luywnir {Spirit rN+ MP+9}
 19204 | Lair:3   | Reached skill level 15 in Fighting
 19795 | Lair:4   | Reached ****** piety under Trog
 20004 | Lair:4   | Found a hole to the Spider Nest.
 20197 | Lair:4   | Found a staircase to the Swamp.
 20390 | Lair:4   | Found a frozen archway.
 20951 | Lair:4   | Received a gift from Trog
 21299 | Lair:5   | Found a staircase to the Slime Pits.
 21364 | Lair:5   | Reached skill level 16 in Fighting
 21723 | Lair:5   | Reached XP level 15. HP: 144/145 MP: 14/14
 22288 | Lair:6   | Entered Level 6 of the Lair of Beasts
 22723 | Lair:6   | Identified the +6 rapier of the Sun {vorpal, rN+} (Trog
                  | gifted it to you on level 6 of the Lair of Beasts)
 22723 | Lair:6   | Received a gift from Trog
 22883 | Lair:6   | Reached skill level 17 in Fighting
 23797 | Orc:1    | Entered Level 1 of the Orcish Mines
 23798 | Orc:1    | Noticed Snorg
 23805 | Orc:1    | Killed Snorg
 23841 | Orc:1    | Received a gift from Trog
 23842 | Orc:1    | Found a dark tunnel.
 23854 | Volcano  | Entered a volcano
 24075 | Volcano  | Found a burning altar of Makhleb.
 24694 | Orc:2    | Entered Level 2 of the Orcish Mines
 25233 | Orc:2    | Received a gift from Trog
 25592 | Orc:2    | Gained mutation: You do not regenerate when monsters are
                  | visible. [a neqoxec]
 25594 | Orc:2    | Reached XP level 16. HP: 151/157 MP: 15/15
 25758 | Orc:2    | Found a staircase to the Elven Halls.
 25996 | Orc:2    | Found Agocaumu's Weapon Shop.
 25996 | Orc:2    | Found Enobouh's Assorted Antiques.
 25997 | Orc:2    | Found Foukka's Antique Weapon Shop.
 25997 | Orc:2    | Found Onahel's Assorted Antiques.
 26008 | Orc:2    | Bought a potion of heal wounds for 150 gold pieces
 26008 | Orc:2    | Bought a scroll of identify for 60 gold pieces
 26009 | Orc:2    | Bought a potion of curing for 99 gold pieces
 26009 | Orc:2    | Bought a scroll of identify for 66 gold pieces
 26009 | Orc:2    | Bought a silvery potion for 29 gold pieces
 26009 | Orc:2    | Bought a potion of curing for 99 gold pieces
 26009 | Orc:2    | Bought a scroll labelled RINAFF YRYNTAFOL for 33 gold
                  | pieces
 26011 | Orc:2    | Reached skill level 18 in Fighting
 26011 | Orc:2    | Reached skill level 1 in Evocations
 26011 | Orc:2    | Reached XP level 17. HP: 163/163 MP: 16/16
 26012 | Orc:2    | Reached skill level 5 in Dodging
 26012 | Orc:2    | Reached XP level 18. HP: 172/172 MP: 17/17
 26014 | Orc:2    | Bought a dazzling plate armour for 840 gold pieces
 26014 | Orc:2    | Identified the +4 plate armour of Immorality {rElec rC++
                  | rCorr Str-5} (You bought it in a shop on level 2 of the
                  | Orcish Mines)
 26208 | D:15     | Entered Level 15 of the Dungeon
 26329 | D:14     | Killed Roxanne
 26836 | D:15     | Found a staircase to the Depths.
 27125 | D:15     | Noticed Josephine
 27133 | D:15     | Killed Josephine
 27145 | D:15     | Identified the +9 quarterstaff "Runoa" {flame, rPois} (Trog
                  | gifted it to you on level 15 of the Dungeon)
 27145 | D:15     | Received a gift from Trog
 27368 | D:15     | Noticed Agnes
 27379 | D:15     | Killed Agnes
 27460 | D:15     | Noticed Nessos
 27477 | D:15     | Killed Nessos
 27487 | D:15     | Found a hazy altar of Hepliaklqana.
 27724 | D:15     | Reached skill level 19 in Fighting
 28108 | Swamp:1  | Entered Level 1 of the Swamp
 28724 | Swamp:1  | Found a bloodstained altar of Trog.
 29325 | Swamp:2  | Received a gift from Trog
 30225 | Swamp:2  | Noticed Frances
 30254 | Swamp:2  | Killed Frances
 30374 | Swamp:2  | Noticed Louise
 30397 | Swamp:2  | Killed Louise
 31118 | Swamp:3  | Found an iron altar of Okawaru.
 31584 | Swamp:4  | Entered Level 4 of the Swamp
 32064 | Swamp:4  | Reached XP level 19. HP: 169/184 MP: 18/18
 32083 | Swamp:4  | Reached skill level 20 in Fighting
 32629 | Swamp:4  | Received a gift from Trog
 33062 | Swamp:4  | Paralysed by a vampire knight for 5 turns
 33230 | Swamp:4  | Reached skill level 15 in Shields
 33241 | Swamp:4  | Found a blossoming altar of Fedhas.
 33601 | Swamp:4  | Found a basalt altar of Yredelemnul.
 33635 | Swamp:4  | Got a decaying rune of Zot
 34016 | Spider:1 | Entered Level 1 of the Spider Nest
 34019 | Spider:1 | Found a transporter.
 34061 | Spider:1 | HP: 9/187 [wolf spider (5)]
 34062 | Spider:1 | Slain by a wolf spider

Illustrated notes

Levels and vault maps discovered:
D:1:      dpeg_arrival_morbid_curiosity, layout_basic
D:2:      layout_basic, basic_ecumenical_altar, minmay_misc_feat_secret_circle
D:3:      layout_basic
D:4:      layout_loops_corners, minmay_temple_entry_fiery, uniq_sigmund
D:5:      layout_loops_ring
D:6:      layout_basic, old_standard_altar, gup_sewer_entry_pipe,
          minmay_chambers_of_fives
D:7:      lemuel_insect_pit, layout_rooms, uniq_menkaure
D:8:      layout_loops_corners, kennysheep_small_square, uniq_prince_ribbit1
D:9:      layout_stronghold, nicolae_overflow_hidden_temple, minitemple,
          david_lair_generic
D:10:     layout_layer_cave
D:11:     layout_rooms, uniq_gastronok
D:12:     layout_basic, zombieorc1_lemuel, minmay_puff
D:13:     layout_rooms, gauntlet_entry_generic, special_room [special_room_orc]
D:14:     layout_irregular_city, lightli_vaults_fourway_checkpoint,
          minmay_misc_feat_five, uniq_kirke, uniq_roxanne, uniq_jorgrun
D:15:     gammafunk_depths_entry_grave, layout_rooms,
          nicolae_hepliaklqana_hazy_memory, uniq_josephine, uniq_nessos,
          uniq_agnes
Lair:1:   layout_gridlike, st_stairs_6, chequers_serial_rivers_micro_d,
          kennysheep_snail_temple
Lair:2:   layout_layer_cave, minmay_lair_oklob_chamber
Lair:3:   layout_small_grid, special_room [special_room_bee],
          infiniplex_staircase_pool_2
Lair:4:   layout_roguey, nicolae_swamp_entry_splash_gauntlet,
          spider_nest_entry_rubble, portal_ice_cave_entry_ice_beasts,
          lookout_lair_type, worms_lemuel
Lair:5:   wander_river, layout_small_grid, slime_dummy, grunt_megastairs_3
Lair:6:   evilmike_catoblepas_cave, layout_gridlike
Swamp:1:  layout_basic_swamp, nicolae_swamp_godswood, swamp_pool4,
          nicolae_swamp_super_fun_site
Swamp:2:  layout_basic_swamp, evilmike_swamp_ruin_house_2, uniq_louise,
          uniq_frances
Swamp:3:  layout_falls_marsh, basic_altar, swamp_pool3,
          statue_in_the_mist_lemuel
Swamp:4:  byrel_swamp_growth_death_and_undeath, layout_basic_swamp, swamp_pool3,
          grunt_witch_cave
Spider:1: gammafunk_its_a_trap, nzn_ghost_randoct, uniq_nikola
Orc:1:    layout_caves, enter_volcano_3, uniq_snorg
Orc:2:    st_orc_pillars, layout_diamond_mine, basic_altar, bh_open_orc_temple

Skill      XL: |  1  2  3  4  5  6  7  8  9 10 11 12 13 14 15 16 17 18 19 |
---------------+----------------------------------------------------------+-----
Fighting       | 4 5 6 7 8 10 11 12 14 16 17 18 19 20 | 20.5
Axes           | 4 5 6 7 8 10 11 12 14 15 16 18 19 | 19.5
Armour         | 3 4 5 6 7 9 10 12 13 14 15 16 17 18 19 | 19.0
Shields        | 4 5 7 8 9 10 12 13 14 15 | 15.1
Dodging        | 3 4 5 |  5.5
Evocations     | 1 2 |  2.8

Action                   |  1- 3 |  4- 6 |  7- 9 | 10-12 | 13-15 | 16-18 | 19-21 || total
-------------------------+-------+-------+-------+-------+-------+-------+-------++-------
Melee: Hand axe          |    63 |    98 |   403 |   358 |       |       |       ||   922
       Headbutt          |    14 |    17 |    88 |   136 |   275 |   141 |    46 ||   717
       Broad axe         |       |       |       |   232 |   517 |   558 |   172 ||  1479
       War axe           |       |       |       |       |   440 |       |       ||   440
Invok: Berserk           |       |     1 |     8 |    16 |     8 |    10 |     4 ||    47
       Brothers in Arms  |       |       |       |     5 |     6 |     4 |     1 ||    16
       Trog's Hand       |       |       |       |     1 |     2 |     2 |     1 ||     6
Evoke: Wand              |       |       |       |       |     5 |     3 |       ||     8
       Condenser vane    |       |       |       |       |     1 |       |       ||     1
  Use: Scroll            |       |       |       |     9 |    15 |     6 |     3 ||    33
       Potion            |       |       |       |       |     3 |     2 |     1 ||     6
 Stab: Invisible         |       |       |       |       |     4 |       |       ||     4
Armor: Animal skin       |     3 |       |       |       |       |       |       ||     3
       Plate armour      |    32 |    57 |   215 |   259 |   315 |   222 |   143 ||  1243
Dodge: Dodged            |    25 |    39 |    81 |   141 |   254 |   143 |    41 ||   724
Block: Kite shield       |       |       |   181 |   350 |   626 |   261 |       ||  1418
       Tower shield      |       |       |       |       |       |   153 |   174 ||   327

Table legend: (Time is in decaauts)
 A = Elapsed time spent in this place.
 B = Non-inter-level travel time spent in this place.
 C = Inter-level travel time spent in this place.
 D = Time resting spent in this place.
 E = Time spent auto-exploring this place.
 F = Levels seen in this place.
 G = Mean time per level.
                   A        B        C        D        E       F      G
               +--------+--------+--------+--------+--------+-----+--------+
         Total |  35223 |  33427 |   1796 |   2637 |  25199 |  31 | 1136.2 |
       Dungeon |  17761 |  16787 |    974 |    822 |  13428 |  15 | 1184.1 |
          Lair |   8090 |   7602 |    488 |    213 |   6365 |   6 | 1348.3 |
         Swamp |   5910 |   5625 |    285 |   1213 |   3506 |   4 | 1477.5 |
   Spider Nest |     43 |     43 |      0 |      0 |      0 |   1 |   43.0 |
  Orcish Mines |   2042 |   1995 |     47 |    332 |   1096 |   2 | 1021.0 |
         Sewer |    282 |    282 |      0 |      0 |    225 |   1 |  282.0 |
       Volcano |    370 |    370 |      0 |      0 |    163 |   1 |  370.0 |
      Gauntlet |    722 |    722 |      0 |     56 |    412 |   1 |  722.0 |
               +--------+--------+--------+--------+--------+-----+--------+

Top non-repeatable levels by time:
  Lair:4: 1922 daAuts
    D:12: 1916 daAuts
 Swamp:3: 1700 daAuts
    D:14: 1660 daAuts
    D:10: 1652 daAuts
 Swamp:4: 1645 daAuts
  Lair:2: 1524 daAuts
     D:6: 1478 daAuts
   Orc:2: 1464 daAuts
     D:4: 1449 daAuts
  Lair:6: 1378 daAuts
 Swamp:2: 1295 daAuts
 Swamp:1: 1268 daAuts
     D:9: 1186 daAuts
     D:8: 1177 daAuts
